 Dungeon Crawl Stone Soup version 0.30.2 (webtiles) character file.

Game seed: 3510223867705632215

287 porpoise the Skirmisher (level 6, -9/38 HPs)
             Began as a Kobold Hunter on Feb 22, 2024.
             Mangled by an ogre
             ... wielding a +0 giant club
              (20 damage)
             ... on level 5 of the Dungeon.
             The game lasted 00:08:59 (3064 turns).

porpoise the Skirmisher (Kobold Hunter)             Turns: 3064, Time: 00:09:00

Health: -9/38      AC:  8    Str:  9    XL:     6   Next: 56%
Magic:  6/6        EV: 14    Int: 10    God:
Gold:   125        SH:  0    Dex: 20    Spells: 5/5 levels left

rFire   + . .        a - +0 shortbow
rCold   + . .        (shield currently unavailable)
rNeg    . . .        c - +0 leather armour
rPois   .            w - +0 helmet
rElec   .            D - scarf {rC+ rF+}
rCorr   .            (no gloves)
SInv    .            (no boots)
Will    .....        (no amulet)
Stlth   +++          f - +4 ring of protection
HPRegen 0.26/turn    (no ring)
MPRegen 0.10/turn

%: no passive effects
@: no status effects
A: small, no large weapons, nightstalker 3
a: no special abilities


You were on level 5 of the Dungeon.
You visited 2 branches of the dungeon, and saw 6 of its levels.

You collected 223 gold pieces.
You spent 98 gold pieces at shops.

Inventory:

Hand Weapons
 a - a +0 shortbow (weapon)
Missiles
 j - 3 curare-tipped darts
 v - 8 poisoned darts
 z - 2 throwing nets
Armour
 c - a +0 leather armour (worn)
 w - a +0 helmet (worn)
 D - a scarf of resistance (worn)
Magical Staves
 n - a staff of cold
 o - a staff of earth
Jewellery
 e - a ring of ice
 f - a +4 ring of protection (left hand)
 m - a ring of magical power
 A - a ring of positive energy
Wands
 x - a wand of quicksilver (2)
Scrolls
 b - a scroll of immolation
 h - 2 scrolls of fear
 k - a scroll of vulnerability {unknown}
 q - a scroll of magic mapping {unknown}
 r - a scroll of teleportation
 u - a scroll of silence {unknown}
 y - a scroll of fog {unknown}
 B - 3 scrolls of amnesia
 C - a scroll of noise {unknown}
Potions
 d - 2 potions of flight
 g - 3 potions of attraction
 i - 3 potions of heal wounds
 l - a potion of cancellation {unknown}
 p - 3 potions of berserk rage
 s - 2 potions of haste {unknown}
 t - a potion of curing {unknown}


   Skills:
 + Level 4.3 Fighting
 * Level 8.6 Ranged Weapons
 - Level 2.4 Dodging
 - Level 1.3 Stealth


You had 5 spell levels left.
You didn't know any spells.
Your spell library contained the following spells:

 Spells                   Type           Power      Damage    Failure   Level
 Ensorcelled Hibernation  Hex/Ice        0%         N/A       63%         2
 Passwall                 Tmut/Erth      0%         N/A       63%         2
 Sublimation of Blood     Necr           0%         N/A       63%         2
 Wereblood                Tmut           0%         N/A       63%         2
 Swiftness                Air            0%         N/A       85%         3
 Summon Hydra             Summ           0%         N/A       100%        7


Dungeon Overview and Level Annotations

Branches:
Dungeon (5/15)             Temple (1/1) D:4

Altars:
Ashenzari
Cheibriados
Elyvilon
Gozag
Hepliaklqana
Makhleb
Nemelex Xobeh
Okawaru
Ru
Sif Muna
Trog
Uskayaw
Vehumet
Wu Jian
Yredelemnul
Zin
The Shining One

Shops:
D:1 ?   D:2 (   D:4 *

Annotations:
D:1 1 transporter


Innate Abilities, Weirdness & Mutations

You are small and have problems with some larger weapons.
You are completely attuned to the shadows.


Message History

You hear a shout! x2
You shoot an arrow. The arrow hits the orc.
You kill the orc!
No target in view!
Found a leather armour.
Found a stone staircase leading up.
No target in view!
An ogre comes into view. It is wielding a +0 giant club.
Found 5 boomerangs.
You shoot an arrow. The arrow hits the ogre.
The ogre shouts!
The ogre is moderately wounded.
You shoot an arrow. The arrow barely misses the ogre.
You shoot an arrow. The arrow barely misses the ogre.
The ogre closely misses you.
You shoot an arrow. The arrow closely misses the ogre.
The ogre hits you with a +0 giant club!!
Ouch! That really hurt!
* * * LOW HITPOINT WARNING * * *
You are too injured to fight recklessly!
You are too injured to fight recklessly!
Unknown command.
Fire: a) +0 shortbow
Press: ? - help, Q - select action, (/) - cycle Shift-Dir - straight line, f/p - ogre
Aim: an ogre, wielding a +0 giant club (moderately wounded, 80% to hit)
You shoot an arrow. The arrow completely misses the ogre.
Unknown command.
Fire: a) +0 shortbow
Press: ? - help, Q - select action, (/) - cycle Shift-Dir - straight line, f/p - ogre
Aim: an ogre, wielding a +0 giant club (moderately wounded, 80% to hit)
You shoot an arrow. The arrow hits the ogre.
The ogre is moderately wounded.
The ogre misses you.
Fire: a) +0 shortbow
Press: ? - help, Q - select action, (/) - cycle Shift-Dir - straight line, f/p - ogre
Aim: an ogre, wielding a +0 giant club (moderately wounded, 80% to hit)
You shoot an arrow. The arrow barely misses the ogre.
The ogre hits you with a +0 giant club!!
Ouch! That really hurt!
You die...

##....(. ...<...
. ......#..
#....O.....
##..@##.....
.[...##.....
###.#.......
......<....
.#...##.....
..............
..............
.)...###......
.#...##..........


You could see an ogre.

Vanquished Creatures
  A hound (D:4)
  An iguana (D:4)
  A sleepcap (D:3)
  Robin (D:3)
  A gnoll (D:1)
  7 adders
  An ufetubus (D:4)
  2 worms
  5 dart slugs
  2 orcs
  7 bats
  5 endoplasms
  4 giant cockroaches
  10 goblins
  12 hobgoblins
  4 jackals
  7 kobolds
  2 quokkas
  12 ball pythons
  4 frilled lizards
  5 rats
94 creatures vanquished.

Notes
Turn   | Place    | Note
-------+----------+-------------------------------------------
     0 | D:1      | porpoise the Kobold Hunter began the quest for the Orb.
     0 | D:1      | Reached XP level 1. HP: 12/12 MP: 1/1
    27 | D:1      | Found a transporter.
   145 | D:1      | Reached XP level 2. HP: 18/18 MP: 2/2
   152 | D:1      | Reached skill level 6 in Ranged Weapons
   174 | D:1      | Reached XP level 3. HP: 22/22 MP: 3/3
   230 | D:1      | Found Egoekumo's Magic Scroll Boutique.
   782 | D:2      | Found Sual's Antique Weapon Boutique.
   849 | D:2      | Reached XP level 4. HP: 28/28 MP: 4/4
  1299 | D:2      | Found a faded altar of an unknown god.
  1594 | D:3      | You fall into a shaft and drop 1 floor!
  1626 | D:4      | Reached skill level 7 in Ranged Weapons
  1626 | D:4      | Reached XP level 5. HP: 32/32 MP: 5/5
  1659 | D:4      | Found Ylucix's General Store.
  1662 | D:4      | Bought a potion of heal wounds for 70 gold pieces
  1662 | D:4      | Bought a scroll of identify for 28 gold pieces
  1875 | D:3      | Noticed Robin
  1894 | D:3      | HP: 1/32 [Robin/+0 spectral club (4)]
  1898 | D:3      | Killed Robin
  2220 | D:3      | Reached XP level 6. HP: 35/38 MP: 6/6
  2221 | D:3      | Reached skill level 8 in Ranged Weapons
  2733 | D:4      | Found a staircase to the Ecumenical Temple.
  2744 | Temple   | Entered the Ecumenical Temple
  3022 | D:5      | Entered Level 5 of the Dungeon
  3057 | D:5      | Noticed an ogre
  3064 | D:5      | Mangled by an ogre

Illustrated notes

Levels and vault maps discovered:
D:1:      spicycebolla_arrival_transporter_tutorial, layout_basic, serial_shops,
          shop
D:2:      layout_loops_ring, serial_shops, shop,
          hellmonk_ecumenical_altar_pennies_from_heaven
D:3:      layout_rooms, bh_walls_and_bars, uniq_robin
D:4:      minmay_diamond_boxcup, layout_cave_pools,
          minmay_temple_entry_statues_fountains, serial_shops,
          kennysheep_mini_moat
D:5:      layout_layer_cave, minmay_pentangle
Temple:   sentei_temple_godly_chess

Skill      XL: |  1  2  3  4  5  6 |
---------------+-------------------+-----
Ranged Weapons | 6 7 8 |  8.6
Fighting       | 3 4 |  4.3
Dodging        | |  2.4
Stealth        | |  1.3

Action                     |  1- 3 |  4- 6 || total
---------------------------+-------+-------++-------
   Fire: Shortbow          |    77 |   142 ||   219
  Evoke: Wand              |       |     2 ||     2
    Use: Scroll            |     1 |     6 ||     7
         Potion            |       |     1 ||     1
 Armour: Leather armour    |    22 |    42 ||    64
  Dodge: Dodged            |    55 |    79 ||   134
